 Dungeon Crawl Stone Soup version 0.31-a0-1576-ga3383bade6 (webtiles) character file.

Game seed: 1853405440873342332

98 Flugslaktarn the Apothecary (level 4, -1/27 HPs)
             Began as an Octopode Alchemist on Jan 4, 2024.
             Slain by an ogre
             ... wielding a +0 giant club
              (28 damage)
             ... on level 4 of the Dungeon.
             The game lasted 00:01:27 (767 turns).

Flugslaktarn the Apothecary (Octopode Alchemist)     Turns: 767, Time: 00:01:27

Health: -1/27      AC:  1    Str:  7    XL:     4   Next: 69%
Magic:  6/8        EV: 13    Int: 17    God:
Gold:   53         SH:  0    Dex: 14    Spells: 0/9 levels left

rFire   . . .        h - +2 dagger (protect)
rCold   . . .        (no shield)
rNeg    . . .        (helmet restricted)
rPois   .            (no amulet)
rElec   .            (no ring)
rCorr   .            (no ring)
SInv    .            (no ring)
Will    .....        (no ring)
Stlth   +++          (no ring)
HPRegen 0.24/turn    (no ring)
MPRegen 0.11/turn    (no ring)
                     (no ring)

%: no passive effects
@: no status effects
A: almost no armour, amphibious, 8 rings, camouflage 1, gelatinous body 1,
(nimble swimmer 1), tentacles
a: no special abilities


You were on level 4 of the Dungeon.
You visited 1 branch of the dungeon, and saw 4 of its levels.

You collected 53 gold pieces.

Inventory:

Hand Weapons
 d - a +0 dagger
   (You took it off a kobold on level 2 of the Dungeon)
 h - a +2 dagger of protection (weapon)
   (You took it off a kobold on level 2 of the Dungeon)
Talismans
 k - a serpent talisman
   (You found it on level 3 of the Dungeon)
Scrolls
 e - 2 scrolls of identify {unknown}
 j - a scroll of amnesia {unknown}
 l - a scroll of fear {unknown}
 m - 2 scrolls of teleportation {unknown}
Potions
 a - 2 potions of magic
 b - 2 potions of curing {unknown}
 c - a potion of resistance {unknown}
 f - a potion of ambrosia {unknown}
 g - a potion of haste {unknown}
 i - a potion of might {unknown}
 n - a potion of cancellation {unknown}
 o - a potion of heal wounds {unknown}


   Skills:
 - Level 2.0 Dodging
 - Level 2.6 Stealth
 + Level 3.0 Spellcasting
 - Level 1.0 Conjurations
 * Level 5.1 Alchemy


You couldn't memorise any spells.
You knew the following spells:

 Your Spells              Type           Power      Damage    Failure   Level
a - Sting                 Conj/Alch      48%        1d6       4%          1
b - Olgreb's Toxic Radia  Alch           19%        N/A       22%         4
c - Sticky Flame          Fire/Alch      11%        2d5       52%         4

Your spell library contained the following spells:

 Spells                   Type           Power      Damage    Failure   Level
 Mercury Vapours          Alch/Air       22%        N/A       10%         2
 Mephitic Cloud           Conj/Alch/Air  9%         N/A       22%         3


Dungeon Overview and Level Annotations

Branches:
Dungeon (4/15)
 Temple: D:4-7

Altars:


Innate Abilities, Weirdness & Mutations

You cannot wear most types of armour.
You are amphibious.
You can wear up to eight rings at the same time.
Your skin changes colour to match your surroundings (Stealth+).
Your rubbery body absorbs attacks. (AC +1, EV +1)
((You are camouflaged when in or above water. (Stealth+)))
You have tentacles for arms and can constrict up to eight enemies at once.


Message History

A kobold and a bat come into view.
The kobold is wielding a +0 whip and quivering poisoned darts.
Found a golden potion.
The bat hits you. The bat closely misses you.
You see here a scroll labelled LEASUM EHYVYRPH.
m - 2 scrolls labelled LEASUM EHYVYRPH (gained 1)
You hit the bat.
Your weapon exudes an aura of protection.
You grab the bat. Your squeeze misses the bat.
The bat is moderately wounded.
You constrict the bat.
You kill the bat!
No target in view!
You see here a bat corpse.
The kobold shouts!
The kobold throws a poisoned dart.
The poisoned dart hits you!
You are poisoned.
You feel very sick.
The kobold throws a poisoned dart.
The poisoned dart barely misses you.
You feel sick.
Casting: Sting (safe; 4% risk of failure)
Confirm with . or Enter, or press ? or * to list all spells.
Aiming: Sting (safe; 4% risk of failure)
Press: ? - help, Shift-Dir - straight line, f - kobold
Aim: a kobold, wielding a +0 whip and quivering poisoned darts (64% to hit)
The sting hits the kobold.
The kobold is poisoned.
The kobold is moderately wounded.
You feel sick.
Casting: Sting (safe; 4% risk of failure)
Confirm with . or Enter, or press ? or * to list all spells.
Aiming: Sting (safe; 4% risk of failure)
Press: ? - help, Shift-Dir - straight line, f/p - kobold
Aim: a kobold, wielding a +0 whip and quivering poisoned darts (poisoned, 64% to hit)
The sting hits the kobold.
The kobold looks even sicker.
The kobold is severely wounded.
You feel sick.
You feel sick. The kobold closely misses you.
You hit the kobold but do no damage.
Your weapon exudes an aura of protection.
Your grab misses the kobold.
The kobold is severely wounded.
You feel sick. The kobold hits you but does no damage.
You barely miss the kobold. Your grab misses the kobold.
The kobold is severely wounded.
You feel sick. The kobold closely misses you.
You barely miss the kobold. You grab the kobold.
The kobold is severely wounded.
You constrict the kobold, but do no damage.
You feel sick. The kobold barely misses you.
You barely miss the kobold. You squeeze the kobold.
You kill the kobold!
You feel sick.
You are no longer poisoned.
No target in view!
o - a golden potion
There is a shaft here.
Magic restored.
There is a stone staircase leading down here.
You climb downwards.
There is a stone staircase leading up here.
Unknown command.
This spell is extremely dangerous to cast!
Okay, then.
This spell is astonishingly dangerous to cast!
You start memorising the spell.
You continue memorising. x4
You finish memorising.
Spell assigned to 'b'.
This spell is astonishingly dangerous to cast!
You start memorising the spell.
You continue memorising. x4
You finish memorising.
Spell assigned to 'c'.
A hobgoblin and a ball python come into view.
The hobgoblin shouts!
Unknown command.
Casting: Sting (safe; 4% risk of failure)
Confirm with . or Enter, or press ? or * to list all spells.
Aiming: Sting (safe; 4% risk of failure)
Press: ? - help, Shift-Dir - straight line, f - hobgoblin
Aim: a hobgoblin (71% to hit)
The sting hits the hobgoblin.
The hobgoblin is poisoned.
You kill the hobgoblin!
A kobold comes into view. It is wielding a +0 dagger of speed.
Casting: Sting (safe; 4% risk of failure)
Confirm with . or Enter, or press ? or * to list all spells.
Aiming: Sting (safe; 4% risk of failure)
Press: ? - help, Shift-Dir - straight line, f - ball python
Aim: a ball python (68% to hit)
The sting hits the ball python.
The ball python is poisoned.
You kill the ball python!
The kobold shouts!
Casting: Sting (safe; 4% risk of failure)
Confirm with . or Enter, or press ? or * to list all spells.
Aiming: Sting (safe; 4% risk of failure)
Press: ? - help, Shift-Dir - straight line, f - kobold
Aim: a kobold, wielding a +0 dagger of speed (64% to hit)
The sting hits the kobold.
The kobold is poisoned.
You kill the kobold!
An ogre comes into view. It is wielding a +0 giant club.
The ogre hits you with a +0 giant club!!
Ouch! That really hurt!
You die...

#.# #.# #.# #†#
#.# #.# #.# #.#
#.####.# #.#
#......#####.# #
#..###.......#.#
#<.#
#.......#.#####
#..#
#.......O......
#..# #......@..#
#..# #........##
#.............#
..#...........#
....####...#..#
.#### #...#..#
#...#..#
#......#


You could see an ogre.

Vanquished Creatures
  5 gnolls
  2 adders (D:3)
  2 dart slugs (D:2)
  A ribbon worm (D:3)
  A giant cockroach (D:2)
  3 hobgoblins
  A jackal (D:2)
  A quokka (D:2)
  3 ball pythons
  3 bats
  3 frilled lizards (D:2)
  A goblin (D:2)
  4 kobolds
  2 rats (D:2)
32 creatures vanquished.

Notes
Turn   | Place    | Note
-------+----------+-------------------------------------------
     0 | D:1      | Flugslaktarn the Octopode Alchemist began the quest for the
                  | Orb.
     0 | D:1      | Reached XP level 1. HP: 11/11 MP: 3/3
   123 | D:2      | Reached XP level 2. HP: 17/17 MP: 1/5
   130 | D:2      | Reached skill level 4 in Alchemy
   199 | D:2      | Reached XP level 3. HP: 20/21 MP: 3/6
   534 | D:3      | Reached XP level 4. HP: 16/27 MP: 3/8
   626 | D:3      | Reached skill level 5 in Alchemy
   748 | D:4      | Learned a level 4 spell: Olgreb's Toxic Radiance
   753 | D:4      | Learned a level 4 spell: Sticky Flame
   765 | D:4      | Noticed an ogre
   767 | D:4      | Slain by an ogre

Illustrated notes

Levels and vault maps discovered:
D:1:      saegor_arrival_simple_c, layout_basic,
          shapermc_ecumenical_altar_ellora
D:2:      layout_loops_corners, minmay_octomino_c4
D:3:      layout_loops_ring
D:4:      layout_loops_ring, gammafunk_ghost_mausoleum, uniq_blork_the_orc,
          uniq_pargi

Skill      XL: |  1  2  3  4 |
---------------+-------------+-----
Alchemy        | 4 5 |  5.1
Spellcasting   | 3 |  3.0
Dodging        | |  2.0
Stealth        | |  2.6
Conjurations   | |  1.0

Action                     |  1- 3 |  4- 6 || total
---------------------------+-------+-------++-------
  Melee: Unarmed           |     6 |       ||     6
         Tentacles         |     6 |     2 ||     8
         Constrict         |     5 |     5 ||    10
         Dagger            |     9 |    15 ||    24
   Cast: Sting             |    23 |    15 ||    38
 Armour: Skin              |    12 |     9 ||    21
  Dodge: Dodged            |    14 |    10 ||    24

Table legend: (Time is in decaauts)
 A = Elapsed time spent in this place.
 B = Non-inter-level travel time spent in this place.
 C = Inter-level travel time spent in this place.
 D = Time resting spent in this place.
 E = Time spent auto-exploring this place.
 F = Levels seen in this place.
 G = Mean time per level.
                   A        B        C        D        E       F      G
               +--------+--------+--------+--------+--------+-----+--------+
         Total |    765 |    750 |     15 |      0 |    432 |   4 |  191.2 |
       Dungeon |    765 |    750 |     15 |      0 |    432 |   4 |  191.2 |
               +--------+--------+--------+--------+--------+-----+--------+

Top non-repeatable levels by time:
     D:2: 416 daAuts
     D:3: 301 daAuts
     D:4: 24 daAuts
     D:1: 22 daAuts
